 Dungeon Crawl Stone Soup version 0.32-a0-928-g1cae6b7ea0 (webtiles) character file.

Game seed: 1291059178042045164

3529 Biggs the Thaumaturge (level 10, -2/70 HPs)
             Began as a Djinni Conjurer on Apr 12, 2024.
             Was a Believer of Makhleb.
             Killed from afar by an electric eel (12 damage)
             ... with a bolt of electricity
             ... on level 8 of the Dungeon.
             The game lasted 00:26:18 (4052 turns).

Biggs the Thaumaturge (Djinni Conjurer)             Turns: 4052, Time: 00:26:18

Health: -2/70      AC:  7    Str:  6    XL:     10   Next: 29%
Gold:   315        EV: 14    Int: 23    God:    Makhleb [**....] SH:  0 Dex: 13

rFire   + + .        (no weapon)
rCold   x . .        (no shield)
rNeg    . . .        f - +0 steam dragon scales
rPois   ∞            w - +1 hat
rElec   .            y - +0 cloak
rCorr   .            (no gloves)
SInv    .            (boots unavailable)
Will    +....        (no amulet)
Stlth   ++           (no ring)
HPRegen 0.31/turn    (no ring)

%: infuse magic (-3 HP)
@: flying
A: sickness immunity, fire resistance 2, cold vulnerability 1, float, innate
caster, HP casting, extra vitality 1
a: Renounce Religion, Minor Destruction


You were on level 8 of the Dungeon.
You worshipped Makhleb.
Makhleb was pleased with you.
You visited 1 branch of the dungeon, and saw 8 of its levels.
You also visited: Sewer.

You collected 315 gold pieces.

Inventory:

Armour
 a - a +0 robe
 f - +0 steam dragon scales (worn)
 m - the +0 ring mail of Relativism {+Inv rF+ Str+2 Int+2}
   (You found it on level 4 of the Dungeon)

   Str+2:     It affects your strength (+2).
   Int+2:     It affects your intelligence (+2).
   rF+:       It protects you from fire.
   +Inv:      It lets you turn invisible.
 w - a +1 hat (worn)
 y - a +0 cloak (worn)
Jewellery
 v - an amulet of faith
Wands
 u - a wand of flame (13)
Scrolls
 b - 2 scrolls of noise
 c - 3 scrolls of fog
 l - 2 scrolls of enchant armour
 r - a scroll of amnesia
 s - a scroll of revelation
 t - a scroll of teleportation
 x - a scroll of vulnerability {unknown}
Potions
 d - 2 potions of haste {unknown}
 e - a potion of magic {unknown}
 g - 2 potions of curing
 h - 3 potions of enlightenment
 j - 2 potions of attraction {unknown}
 n - a potion of berserk rage {unknown}
 p - a potion of brilliance {unknown}
 q - 2 potions of cancellation {unknown}


   Skills:
 - Level 5.0 Fighting
 - Level 7.0 Dodging
 - Level 1.5 Stealth
 + Level 9.8 Spellcasting
 + Level 9.8 Conjurations
 + Level 9.8 Hexes
   Level 0.0 Charms
 + Level 9.8 Summonings
 + Level 9.8 Necromancy
 + Level 9.8 Translocations
   Level 0.0 Transmutations
 + Level 9.8 Fire Magic
 + Level 9.8 Ice Magic
 + Level 9.8 Air Magic
 + Level 9.8 Earth Magic
 + Level 9.8 Alchemy


You knew the following spells:

 Your Spells              Type           Power      Damage    Failure   Level
a - Magic Dart            Conj           100%       1d8       1%          1
b - Searing Ray           Conj           100%       2d8       1%          2
c - Fulminant Prism       Conj/Alch      27%        3d14      1%          4
d - Iskenderun's Mystic   Conj/Tloc      54%        2d12      (+2d61%     4
e - Kiss of Death         Conj/Necr      100%       2d13      1%          1
f - Jinxbite              Hex            100%       N/A       1%          2
g - Passwall              Erth           54%        N/A       1%          3
h - Ozocubu's Armour      Ice            54%        N/A       1%          3
Your spell library was empty.

Dungeon Overview and Level Annotations

Branches:
Dungeon (8/15)             Temple (0/1) D:5            Lair (0/5) D:8
  Sewer (visited)

Altars:
Cheibriados
Fedhas
Makhleb
Nemelex Xobeh
Uskayaw
Wu Jian

Annotations:
D:7 3 runed translucent doors, Natenado's ghost, novice DjFE; avangion's ghost, novice GrEE


Innate Abilities, Weirdness & Mutations

You are immune to sickness and miasma.
You are immune to poison.
Your flesh is very heat resistant. (rF++)
You are vulnerable to cold. (rC-)
You float through the air rather than walking.
You learn spells naturally, not from books.
Your magical power is your life essence.
You have superior vitality. (+4 MHP)


Message History

* * * LOW HITPOINT WARNING * * *
You hear a roar!
A hound comes into view.
Unknown command.
Casting: Iskenderun's Mystic Blast (dangerous; 1% risk of failure)
Confirm with . or Enter, or press ? or * to list all spells.
You erupt in a blast of force!
The mystic blast hits the boulder beetle but does no damage.
The boulder beetle is heavily wounded.
* * * LOW HITPOINT WARNING * * *
The boulder beetle bites you but does no damage.
Unknown command.
Casting: Iskenderun's Mystic Blast (dangerous; 1% risk of failure)
Confirm with . or Enter, or press ? or * to list all spells.
You erupt in a blast of force!
The mystic blast hits the boulder beetle.
The boulder beetle is heavily wounded.
The boulder beetle is knocked back by the mystic blast.
* * * LOW HITPOINT WARNING * * *
You hear a roar!
Things that are here:
the +7 mace "Yfiant" {drain, rPois rF- Dex+5}; a boulder beetle corpse
As you read the scroll labelled DOLOIC TOCW, it crumbles to dust.
You feel strangely unstable.
It was a scroll of teleportation.
The boulder beetle curls into a ball and begins rolling!
Your surroundings suddenly seem different.
A hound and an electric eel come into view.
Found a potion of heal wounds.
Found a staircase to the Lair.
Unknown command.
Casting: Iskenderun's Mystic Blast (dangerous; 1% risk of failure)
Confirm with . or Enter, or press ? or * to list all spells.
You erupt in a blast of force!
The mystic blast hits the electric eel!!
You kill the electric eel!
Makhleb accepts your kill.
You hear a splash.
The hound barks! x2
* * * LOW HITPOINT WARNING * * *
The electric eel shoots out a bolt of lightning at you!
The bolt of electricity hits you!
You die...

..##.......#
####.......#.# #....#
.............###....###!
........................
.........####........~.~
.........# #......~.~.≈
.........####......~.~~.
.##+#............†~~~.≈~
..............h.@.~≈~≈≈≈
..................~≈~~~≈
..............<.~~~~.~.~
###+#............≈≈~....
###+#...........~~~.~.>.
.................~~≈h...
.................~S~....
.................~~~.h.~
..................≈≈~~


You could see a wolf, 2 hounds and an electric eel.

Vanquished Creatures
  A boulder beetle (D:8)
  A slime creature (D:8)
  A troll (D:8)
  A hornet (D:7)
  A steam dragon (D:8)
  A water moccasin (D:7)
  An ice beast (D:6)
  2 ogres (D:4)
  A black bear (D:5)
  2 centaurs (D:7)
  A phantom (D:5)
  3 bullfrogs
  2 kobold brigands (Sewer)
  2 scorpions (D:6)
  An electric eel (D:8)
  2 bombardier beetles
  2 hounds (D:4)
  3 jellies
  4 orc priests
  4 iguanas (D:4)
  9 orc wizards
  4 sleepcaps
  5 adders
  A river rat (Sewer)
  A white imp (D:5)
  4 ufetubi (D:6)
  4 dart slugs
  A ribbon worm (D:5)
  27 orcs
  3 bats
  8 endoplasms
  3 giant cockroaches
  3 goblins
  7 hobgoblins
  8 jackals
  5 quokkas
  8 ball pythons
  5 frilled lizards
  13 kobolds
  8 rats
163 creatures vanquished.

Vanquished Creatures (others)
  4 fulminant prisms
4 creatures vanquished.

Grand Total: 167 creatures vanquished

Notes
Turn   | Place    | Note
-------+----------+-------------------------------------------
     0 | D:1      | Biggs the Djinni Conjurer began the quest for the Orb.
     0 | D:1      | Biggs set off with the following spells memorised: Magic
                  | Dart, Searing Ray, Fulminant Prism, Iskenderun's Mystic
                  | Blast.
     0 | D:1      | Reached XP level 1. HP: 15/15 MP: 0/0
   183 | D:1      | Reached XP level 2. HP: 12/21 MP: 0/0
   354 | D:1      | Reached XP level 3. HP: 21/25 MP: 0/0
   354 | D:1      | Learned a level 1 spell: Kiss of Death
   781 | D:3      | Found a burning altar of Makhleb.
   784 | D:3      | Reached XP level 4. HP: 28/31 MP: 0/0
   795 | D:3      | Became a worshipper of Makhleb the Destroyer
   883 | D:3      | Found a sparkling altar of Nemelex Xobeh.
  1079 | D:3      | Reached skill level 5 in Spellcasting
  1079 | D:3      | Reached skill level 5 in Conjurations
  1079 | D:3      | Reached skill level 5 in Hexes
  1079 | D:3      | Reached skill level 5 in Summonings
  1079 | D:3      | Reached skill level 5 in Necromancy
  1079 | D:3      | Reached skill level 5 in Translocations
  1079 | D:3      | Reached skill level 5 in Fire Magic
  1079 | D:3      | Reached skill level 5 in Ice Magic
  1079 | D:3      | Reached skill level 5 in Air Magic
  1079 | D:3      | Reached skill level 5 in Earth Magic
  1079 | D:3      | Reached skill level 5 in Alchemy
  1079 | D:3      | Reached XP level 5. HP: 11/35 MP: 0/0
  1079 | D:3      | Learned a level 2 spell: Jinxbite
  1369 | D:4      | Reached XP level 6. HP: 35/40 MP: 0/0
  1373 | D:4      | Noticed an ogre
  1380 | D:4      | Killed an ogre
  1382 | D:4      | You are sucked into a shaft and drop 1 floor!
  1382 | D:5      | Entered Level 5 of the Dungeon
  1452 | D:5      | Reached XP level 7. HP: 42/45 MP: 0/0
  1452 | D:5      | Learned a level 3 spell: Passwall
  1454 | D:5      | Reached * piety under Makhleb
  1455 | D:5      | Found a glowing drain.
  1460 | Sewer    | Entered a sewer
  1628 | Sewer    | Found a white marble altar of Elyvilon.
  1871 | D:4      | Found a blossoming altar of Fedhas.
  1929 | D:4      | Identified the +0 ring mail of Relativism {+Inv rF+ Str+2
                  | Int+2}
  1950 | D:4      | Found a snail-covered altar of Cheibriados.
  2095 | D:5      | Found a staircase to the Ecumenical Temple.
  2110 | D:5      | Reached XP level 8. HP: 49/50 MP: 0/0
  2122 | D:5      | Reached ** piety under Makhleb
  2331 | D:5      | Reached skill level 1 in Fighting
  2604 | D:6      | Found a hide-covered altar of Uskayaw.
  2984 | D:6      | Reached XP level 9. HP: 57/64 MP: 0/0
  2984 | D:6      | Learned a level 3 spell: Ozocubu's Armour
  3070 | D:6      | Reached skill level 5 in Fighting
  3249 | D:7      | Noticed a hornet
  3253 | D:7      | Killed a hornet
  3254 | D:7      | Reached skill level 5 in Dodging
  3573 | D:7      | Found an ornate altar of the Wu Jian Council.
  3643 | D:7      | Found a runed translucent gate.
  3643 | D:7      | Found a runed translucent gate.
  3645 | D:7      | Found a runed translucent gate.
  3648 | D:7      | Noticed Natenado's ghost (novice DjFE)
  3649 | D:7      | Noticed avangion's ghost (novice GrEE)
  3787 | D:8      | Noticed a troll
  3793 | D:8      | Killed a troll
  4017 | D:8      | Noticed a boulder beetle
  4024 | D:8      | Noticed a boulder beetle
  4030 | D:8      | Noticed a boulder beetle
  4034 | D:8      | Killed a large slime creature
  4035 | D:8      | Reached XP level 10. HP: 12/70 MP: 0/0
  4038 | D:8      | HP: 3/70 [boulder beetle (20)]
  4040 | D:8      | Killed a boulder beetle
  4048 | D:8      | Identified the +7 mace "Yfiant" {drain, rPois rF- Dex+5}
  4051 | D:8      | Found a staircase to the Lair.
  4052 | D:8      | Killed from afar by an electric eel

Illustrated notes

Levels and vault maps discovered:
D:1:      hellmonk_arrival_library, layout_loops_ring
D:2:      layout_basic, hellmonk_ecumenical_altar_crossroads
D:3:      layout_loops_ring, bloody_makhleb, nemelex_diamond_rough_becter,
          serial_glass, glass_columns_b, glass_columns_a
D:4:      layout_cave_pools, fedhas_altar_fruit_tree, kennysheep_mini_moat,
          minmay_surrounded
D:5:      layout_rooms, minmay_temple_entry_butterflies,
          mainiacjoe_sewer_entry_somewhere_in_here_1,
          chequers_serial_rivers_micro_b, minmay_misc_feat_pillars
D:6:      layout_loops_ring, nicolae_overflow_two_pavilions,
          sigmund_edmund_badplayer
D:7:      layout_loops_corners, nicolae_overflow_crystal_walls,
          kiku_gazebo_garden_becter, gammafunk_ghost_cemetery, minmay_between
D:8:      minmay_curly_fans, layout_basic, nicolae_ashenzari_skybound,
          erik_lair_island

Skill      XL: |  1  2  3  4  5  6  7  8  9 |
---------------+----------------------------+-----
Spellcasting   | 4 5 6 7 8 9 |  9.8
Conjurations   | 4 5 6 7 8 9 |  9.8
Hexes          | 4 5 6 7 8 9 |  9.8
Summonings     | 4 5 6 7 8 9 |  9.8
Necromancy     | 4 5 6 7 8 9 |  9.8
Translocations | 4 5 6 7 8 9 |  9.8
Fire Magic     | 4 5 6 7 8 9 |  9.8
Ice Magic      | 4 5 6 7 8 9 |  9.8
Air Magic      | 4 5 6 7 8 9 |  9.8
Earth Magic    | 4 5 6 7 8 9 |  9.8
Alchemy        | 4 5 6 7 8 9 |  9.8
Fighting       | 4 5 |  5.0
Dodging        | 7 |  7.0
Stealth        | |  1.5

Action                     |  1- 3 |  4- 6 |  7- 9 | 10-12 || total
---------------------------+-------+-------+-------+-------++-------
  Melee: Unarmed           |       |       |     4 |       ||     4
   Cast: Magic Dart        |    64 |    32 |    19 |       ||   115
         Searing Ray       |     3 |    19 |    58 |       ||    80
         Iskenderun's Myst |       |       |    40 |     7 ||    47
         Fulminant Prism   |       |       |     3 |     1 ||     4
    Use: Scroll            |       |       |     9 |     1 ||    10
         Potion            |       |       |       |     2 ||     2
 Armour: Robe              |    10 |     8 |    51 |       ||    69
         Steam dragon scal |       |       |     1 |     3 ||     4
  Dodge: Dodged            |    12 |    14 |    57 |     1 ||    84

Table legend: (Time is in decaauts)
 A = Elapsed time spent in this place.
 B = Non-inter-level travel time spent in this place.
 C = Inter-level travel time spent in this place.
 D = Time resting spent in this place.
 E = Time spent auto-exploring this place.
 F = Levels seen in this place.
 G = Mean time per level.
                   A        B        C        D        E       F      G
               +--------+--------+--------+--------+--------+-----+--------+
         Total |   4050 |   4001 |     49 |   1325 |      8 |   9 |  450.0 |
       Dungeon |   3819 |   3770 |     49 |   1266 |      0 |   8 |  477.4 |
         Sewer |    230 |    230 |      0 |     59 |      8 |   1 |  230.0 |
               +--------+--------+--------+--------+--------+-----+--------+

Top non-repeatable levels by time:
     D:6: 629 daAuts
     D:5: 585 daAuts
     D:7: 502 daAuts
     D:4: 502 daAuts
     D:3: 478 daAuts
     D:1: 393 daAuts
     D:2: 387 daAuts
     D:8: 339 daAuts
   Sewer: 230 daAuts
